 Dungeon Crawl Stone Soup version 0.14-a0-1876-g927fc3a (webtiles) character file.

167 Deemzul the Insei (level 4, 0/33 HPs)
             Began as an Octopode Monk on Jan 15, 2014.
             Succumbed to a kobold's curare-tipped needle
             ... on Level 4 of the Dungeon.
             The game lasted 00:03:49 (2524 turns).

Deemzul the Insei (Octopode Monk)                   Turns: 2524, Time: 00:03:50

HP   0/33        AC  1     Str 11      XL: 4   Next: 67%
MP  13/13        EV 12     Int 12      God:
Gold 71          SH  9     Dex 14      Spells:  0 memorised,  3 levels left

rFire  . . .     SeeInvis .       - Unarmed
rCold  . . .     Clarity  .     t - +2 dwarf buckler
rNeg   . . .     Conserve .     (helmet restricted)
rPois  .         rCorr    .     e - amulet of the gourmand
rElec  .         rRot     .     h - ring of magical power
SustAb + .       Spirit   .     y - ring of sustain abilities
rMut   .         Warding  .     (no ring)
Gourm  +         Stasis   .     (no ring)
MR     .....                    (no ring)
                                (no ring)
                                (no ring)
                                (no ring)

@: mildly poisoned, slowed, very slow, not resistant to hostile enchantments,
quite stealthy
A: almost no armour, amphibious, 8 rings, constrict 8, camouflage 1, gelatinous
body 1
a: no special abilities


You were on level 4 of the Dungeon.
You were near starving.

You visited 1 branch of the dungeon, and saw 4 of its levels.

You collected 71 gold pieces.

Inventory:

Hand weapons
 f - a +0 blowgun
Missiles
 j - 6 curare-tipped needles
Armour
 t - a +2 dwarven buckler (worn)
Comestibles
 b - 4 bread rations
 c - a choko
 k - 2 apples
 m - a pear
 p - 3 meat rations
 q - 15 grapes
 r - 2 sultanas
Scrolls
 a - 2 scrolls of amnesia
 d - a scroll of magic mapping
 i - a scroll of identify
 l - a scroll of enchant armour
Jewellery
 e - an amulet of the gourmand (around mantle)
 h - a ring of magical power (left tentacle)
 y - a ring of sustain abilities (right tentacle)
Potions
 g - 2 potions of lignification


   Skills:
 + Level 3.8 Fighting
 - Level 3.0 Dodging
 + Level 3.7 Stealth
 * Level 5.0 Unarmed Combat


You had 3 spell levels left.
You didn't know any spells.

Dungeon Overview and Level Annotations

Branches:
Dungeon (4/16)
 Temple: D:4-7

Altars:
Okawaru
Trog
the Shining One


Innate Abilities, Weirdness & Mutations

You cannot wear most types of armour.
You are amphibious.
You can wear up to eight rings at the same time.
You can use your tentacles to constrict many enemies at once.
Your skin changes colour to match your surroundings (Stlth).
Your rubbery body absorbs attacks (AC +1).


Message History

You feel sick.
* * * LOW HITPOINT WARNING * * *
You feel sick.
You feel a little better.
* * * LOW HITPOINT WARNING * * *
You feel sick.
* * * LOW HITPOINT WARNING * * *
You feel sick.
* * * LOW HITPOINT WARNING * * *
You feel sick.
* * * LOW HITPOINT WARNING * * *
You feel sick.
Found 2 green potions.
* * * LOW HITPOINT WARNING * * *
You feel sick.
Found a stone staircase leading down.
* * * LOW HITPOINT WARNING * * *
You feel sick.
You feel a little better.
You die...

. ..# #.... .... ..#
#.... ..... #.# #....
...... #.# #.... #......
#.# #.... #...... #.#
#.... #......
#.#######.[..
#.>....#####............
#...!..@................
#.......................
#.......................
#.#########.........####
# #.........#
#.........#
#.........####
#.........)...
#..#######..##


There were no monsters in sight!

Vanquished Creatures
  An adder (D:3)
  A giant mite (D:2)
  An inept feature mimic (D:2)
  2 worms (D:2)
  3 giant geckos
  4 orcs (D:3)
  4 bats
  7 goblins
  7 hobgoblins
  4 jackals (D:1)
  8 giant newts
  6 kobolds
  7 rats
55 creatures vanquished.

Notes
Turn   | Place    | Note
--------------------------------------------------------------
     0 | D:1      | Deemzul, the Octopode Monk, began the quest for the Orb.
     0 | D:1      | Reached XP level 1. HP: 16/16 MP: 1/1
    72 | D:1      | Reached XP level 2. HP: 15/21 MP: 2/2
   626 | D:1      | Reached XP level 3. HP: 21/26 MP: 3/3
   969 | D:2      | Reached XP level 4. HP: 31/31 MP: 4/4
  1481 | D:3      | Found a bloodstained altar of Trog.
  1759 | D:3      | Reached skill level 5 in Unarmed Combat
  2002 | D:4      | Noticed an ogre
  2053 | D:3      | Found a glowing golden altar of the Shining One.
  2053 | D:3      | Found an iron altar of Okawaru.
  2522 | D:4      | HP: 1/33 [poisoned by a kobold (curare-tipped needle)]
  2524 | D:4      | Succumbed to a kobold's curare-tipped needle

Action                   |  1- 3 |  4- 6 || total
-------------------------+-------+-------++-------
Melee: Unarmed           |    63 |    43 ||   106
  Use: Scroll            |       |     8 ||     8
       Potion            |       |     7 ||     7
 Stab: Sleeping          |     9 |     5 ||    14
